 Dungeon Crawl Stone Soup version bcrawl-1.12-8-g964540c432 (webtiles) character file.

Game seed: 4102505399460169595

260 Morbidden the Magician (level 5, -1/38 HPs)
             Began as a Djinni Wizard on June 2, 2019.
             Was a Follower of Okawaru.
             Slain by a rat (3 damage)
             ... on level 4 of the Dungeon.
             The game lasted 00:14:53 (4345 turns).

Morbidden the Magician (Djinni Wizard)              Turns: 4345, Time: 00:14:54

Health: -1/38      AC:  0    Str:  9    XL:     5   Next: 95%
Magic:  2/3        EV: 11    Int: 22    God:    Okawaru [*.....]
Gold:   231        SH:  0    Dex:  9    Spells: 14/17 levels left

rFire    . . .     SeeInvis .   e - +3 whip (flame)
rCold    . . .     Gourm    .   (no shield)
rNeg     . . .     Faith    .   n - +0 leather armour
rPois    .         Spirit   .   b - +1 hat
rElec    +         Reflect  .   (no cloak)
rCorr    .         Harm     .   (no gloves)
MR       .....                  (boots unavailable)
Stlth    +++.......             (no amulet)
HPRegen  0.12/turn              m - ring of insulation
MPRegen  0.08/turn              (no ring)

@: heroism, corroded, flying, constricted
A: fixed mp, +cast, floating
a: Heroism, Renounce Religion


You were on level 4 of the Dungeon.
You worshipped Okawaru.
Okawaru was aware of your devotion.
You were near starving.

You visited 1 branch of the dungeon, and saw 4 of its levels.

You collected 231 gold pieces.

Inventory:

Hand Weapons
 e - a +3 whip of flaming (weapon)
Armour
 b - a +1 hat (worn)
 l - a +0 shield
 n - a +0 leather armour (worn)
 p - a +0 pair of gloves
Jewellery
 m - a ring of insulation (left hand)
Wands
 c - a wand of polymorph (8)
Scrolls
 f - 4 scrolls of remove curse
 h - 2 scrolls of teleportation
 i - 4 scrolls of enchant weapon
Potions
 a - a potion of agility {unknown}
 g - a potion of ambrosia {unknown}
 j - 2 potions of degeneration {unknown}
 k - 2 potions of curing
 o - a potion of flight {unknown}
Comestibles
 d - 7 rations {!d}


   Skills:
 * Level 1.8(6.8) Fighting
 + Level 1.0(6.0) Maces & Flails
 + Level 0.8(5.8) Armour
 + Level 2.6(7.6) Dodging
 - Level 1.8(6.8) Stealth
 + Level 6.8 Spellcasting
 * Level 2.9 Conjurations
 + Level 1.9 Summonings
   Level 1.2 Translocations
 * Level 1.7 Invocations


You had 14 spell levels left.
You knew the following spells:

 Your Spells              Type           Power        Failure   Level  Hunger
a - Magic Dart            Conj           ###.         3%          1    None
b - Call Imp              Summ           ###.....     8%          2    None

Your spell library contained the following spells:

 Spells                   Type           Power        Failure   Level  Hunger
 Blink                    Tloc           N/A          10%         2    None
 Slow                     Hex            #.......     11%         1    None
 Conjure Flame            Conj/Fire      ##......     19%         3    None
 Mephitic Cloud           Conj/Pois/Air  ##......     22%         3    None


Dungeon Overview and Level Annotations

Branches:
Dungeon (4/12)
 Temple: D:4-7

Altars:
Ashenzari
Okawaru
Uskayaw
Wu Jian
Yredelemnul

Portals:
Sewer: D:4

Annotations:
D:4 Pikel


Innate Abilities, Weirdness & Mutations

You cannot gain maximum magic capacity.
You can pull magic from your surroundings.
Your body floats in the air.


Message History

The ball python constricts you.
Unknown command.
You hit the rat but do no damage. The ball python barely misses you.
The ball python closely misses you. The ball python constricts you.
The rat bites you but does no damage.
You escape the ball python's grasp.
The ball python bites you but does no damage.
The ball python grabs you. The ball python constricts you.
Pikel zaps a wand.
The bolt of acid hits the rat.
The rat is splashed with acid.
The acid corrodes the rat!
The rat dies!
The bolt of acid hits you! The acid corrodes you!
You are splashed with acid!
* * * LOW HITPOINT WARNING * * *
The ball python bites you.
* * * LOW HITPOINT WARNING * * *
The adder closely misses you. The rat barely misses you.
The ball python bites you.
* * * LOW HITPOINT WARNING * * *
x2 The ball python constricts you.
The rat bites you.
You die...

######.####.#
#..###.#####
##.........#
#......≈≈.#
#....≈≈≈..#
#...≈≈≈≈≈≈#
##..p≈##+##
#.KrS#S≈≈#
#..S≈@r∩≈#
#.≈≈r#S≈≈#
##########


You could see Pikel, a slave, an adder, 3 ball pythons and 3 rats.

Vanquished Creatures
  An orc wizard (D:4)
  A hound skeleton (D:4)
  An adder (D:3)
  2 dart slugs (D:1)
  4 leopard geckos
  2 orcs (D:4)
  A ball python (D:1)
  6 bats
  3 giant cockroaches
  3 hobgoblins (D:1)
  5 jackals
  11 kobolds
  2 quokkas
  3 frilled lizards
  2 goblins
  8 rats
55 creatures vanquished.

Vanquished Creatures (collateral kills)
  A scorpion (D:4)
  A water moccasin skeleton (D:4)
  A centaur skeleton (D:2)
  An orc wizard (D:4)
  4 gnolls (D:2)
  3 worms
  2 leopard geckos (D:1)
  2 giant cockroaches
  4 hobgoblins
  3 jackals
  5 kobolds
  A rat (D:1)
28 creatures vanquished.

Vanquished Creatures (others)
  A rat (D:4)
1 creature vanquished.

Grand Total: 84 creatures vanquished

Notes
Turn   | Place    | Note
-------+----------+-------------------------------------------
     0 | D:1      | Morbidden the Djinni Wizard began the quest for the Orb.
     0 | D:1      | Reached XP level 1. HP: 13/13 MP: 3/3
   158 | D:1      | Reached skill level 5 in Spellcasting
   415 | D:1      | Reached XP level 2. HP: 11/19 MP: 0/3
   880 | D:1      | Learned a level 2 spell: Call Imp
   951 | D:1      | Reached skill level 6 in Spellcasting
   951 | D:1      | Reached XP level 3. HP: 14/25 MP: 0/3
  1667 | D:2      | Found an iron altar of Okawaru.
  1726 | D:2      | Became a worshipper of Warmaster Okawaru
  1998 | D:2      | Reached skill level 1 in Fighting
  2028 | D:2      | Reached XP level 4. HP: 3/32 MP: 0/3
  2788 | D:2      | Found a shattered altar of Ashenzari.
  2788 | D:2      | Found an ornate altar of the Wu Jian Council.
  3208 | D:3      | Found a basalt altar of Yredelemnul.
  3551 | D:3      | Reached skill level 1 in Invocations
  3578 | D:3      | Found a hide-covered altar of Uskayaw.
  3795 | D:3      | Found a faded altar of an unknown god.
  4136 | D:4      | Reached XP level 5. HP: 35/37 MP: 3/3
  4264 | D:4      | Reached * piety under Okawaru
  4264 | D:4      | Reached skill level 1 in Maces & Flails
  4267 | D:4      | Noticed Pikel
  4267 | D:4      | Noticed a slave
  4267 | D:4      | Noticed a slave
  4268 | D:4      | Noticed a slave
  4341 | D:4      | Found a glowing drain.
  4345 | D:4      | Slain by a rat

Skill      XL: |  1  2  3  4  5 |
---------------+----------------+-----
Spellcasting   | 5 6 |  6.8
Fighting       | 1 |  1.8
Conjurations   | 2 |  2.9
Invocations    | 1 |  1.7
Maces & Flails | 1 |  1.0
Armour         | |  0.8
Dodging        | |  2.6
Stealth        | |  1.8
Summonings     | |  1.9
Translocations | |  1.2

Action                   |  1- 3 |  4- 6 || total
-------------------------+-------+-------++-------
Melee: Unarmed           |     5 |       ||     5
       Dagger            |    93 |     6 ||    99
       Whip              |       |    47 ||    47
       Short sword       |       |    12 ||    12
 Cast: Magic Dart        |    63 |    34 ||    97
       Call Imp          |    20 |    14 ||    34
Invok: Heroism           |       |     1 ||     1
  Use: Scroll            |       |     7 ||     7
       Potion            |       |     1 ||     1
 Stab: Sleeping          |     1 |     1 ||     2
  Eat: Chunk             |     3 |     6 ||     9
Armor: Robe              |    23 |     3 ||    26
       Leather armour    |       |    15 ||    15
Dodge: Dodged            |    77 |    79 ||   156
